 Dungeon Crawl Stone Soup version 0.25.1-2-g60ff931df9 (webtiles) character file.

Game seed: 8721319881036593058

869 Cinatic the Slinger (level 8, -1/54 HPs)
             Began as a Halfling Hunter on Oct 19, 2020.
             Was a Believer of Fedhas.
             Slain by Edmund
             ... wielding a +1 vorpal dire flail
              (4 damage)
             ... on level 5 of the Dungeon.
             The game lasted 00:44:50 (4880 turns).

Cinatic the Slinger (Halfling Hunter)               Turns: 4880, Time: 00:44:50

Health: -1/54      AC:  9    Str: 15    XL:     8   Next: 24%
Magic:  8/8        EV: 13    Int:  9    God:    Fedhas [**....]
Gold:   173        SH:  0    Dex: 15    Spells: 7/7 levels left

rFire    . . .     SeeInvis .   a - +1 hunting sling
rCold    . . .     Gourm    .   (shield restricted)
rNeg     . . .     Faith    +   g - +0 scale mail
rPois    +         Spirit   .   (no helmet)
rElec    .         Reflect  .   u - +2 cloak {rPois}
rCorr    .         Harm     .   (no gloves)
MR       .....                  (no boots)
Stlth    +.........             q - amulet of faith
HPRegen  0.18/turn              k - ring of poison resistance
MPRegen  0.11/turn              (no ring)

@: no status effects
A: small, mutation resistance 1
a: Wall of Briars, Renounce Religion


You were on level 5 of the Dungeon.
You worshipped Fedhas.
Fedhas was pleased with you.
You were not hungry.

You visited 1 branch of the dungeon, and saw 5 of its levels.

You collected 173 gold pieces.

Inventory:

Hand Weapons
 a - a +1 hunting sling (weapon)
 b - a +0 short sword
 i - a +0 whip
 n - a +4 quarterstaff of chaos
Missiles
 d - 31 sling bullets (quivered)
 e - 175 stones
 o - 3 datura-tipped darts
 t - 60 arrows
 y - 46 bolts
Armour
 c - a +0 leather armour
 g - a +0 scale mail (worn)
 u - a +2 cloak of poison resistance (worn)
 D - a +0 ring mail
Jewellery
 k - a ring of poison resistance (left hand)
 q - an amulet of faith (around neck)
 C - an uncursed ring of poison resistance
 I - an uncursed ring of flight {unknown}
Wands
 F - a wand of disintegration (11)
 G - a wand of polymorph (5)
Scrolls
 h - 2 scrolls of fog
 j - 2 scrolls of remove curse
 l - a scroll of amnesia {unknown}
 x - 3 scrolls of identify
 H - a scroll of magic mapping
Potions
 m - 2 potions of might {unknown}
 p - a potion of degeneration {unknown}
 r - a potion of ambrosia {unknown}
 s - a potion of curing {unknown}
 v - a potion of cancellation
 w - a potion of lignification {unknown}
 A - a potion of mutation {unknown}
 B - a potion of heal wounds {unknown}
Comestibles
 f - 5 rations
 E - 3 chunks of flesh


   Skills:
 + Level 4.0 Fighting
 - Level 0.7 Short Blades
 + Level 10.1 Slings
 - Level 2.7 Armour
 + Level 4.0 Dodging
 + Level 3.4 Stealth


You had 7 spell levels left.
You didn't know any spells.
Your spell library contained the following spells:

 Spells                   Type           Power        Failure   Level  Hunger
 Animate Skeleton         Necr           N/A          83%         1    ##.....
 Pain                     Necr           #...         83%         1    ##.....
 Vampiric Draining        Necr           #.........   99%         3    ####...
 Animate Dead             Necr           N/A          100%        4    #####..
 Agony                    Necr           #.......     100%        5    ######.


Dungeon Overview and Level Annotations

Branches:
Dungeon (5/15)
 Temple: D:4-7

Altars:
Dithmenos
Fedhas
Makhleb
Nemelex Xobeh
Qazlal
Uskayaw
Wu Jian

Shops:
D:4 (   D:5 }

Annotations:
D:5 Edmund


Innate Abilities, Weirdness & Mutations

You are small and have problems with some larger weapons.
You are somewhat resistant to further mutation.


Message History

Edmund is blasted!!
Edmund barely misses you.
That item cannot be evoked!
Aiming: Disintegrate
Press: ? - help, Shift-Dir - straight line, f/p - Edmund
Aim: Edmund, wielding a +1 vorpal dire flail and wearing a +1 scale mail of poison resistance (heavily wounded, fast, strong, frenzied and insane, chance to defeat MR: 65%) Edmund is blasted!
Edmund completely misses you. Edmund closely misses you.
Aiming: Disintegrate
Press: ? - help, Shift-Dir - straight line, f/p - Edmund
Aim: Edmund, wielding a +1 vorpal dire flail and wearing a +1 scale mail of poison resistance (severely wounded, fast, strong, frenzied and insane, chance to defeat MR: 65%) Edmund struggles to resist.
Edmund hits you with a +1 vorpal dire flail!
* * * LOW HITPOINT WARNING * * *
Aiming: Disintegrate
Press: ? - help, Shift-Dir - straight line, f/p - Edmund
Aim: Edmund, wielding a +1 vorpal dire flail and wearing a +1 scale mail of poison resistance (severely wounded, fast, strong, frenzied and insane, chance to defeat MR: 65%) Edmund struggles to resist.
Edmund barely misses you.
Edmund hits you with a +1 vorpal dire flail!
* * * LOW HITPOINT WARNING * * *
You die...
Fedhas appreciates your contribution to the ecosystem.

###.....#.
#.#.#.#.#
†.......#.##.#.#.#
#######.#......#.#
#.#.##.# #.#
#.#.#<.###.#
#.#.#..#.).# #####
#.#.#..#.### .....
.#........#
#########.#...)#@#
.........#....#@#
########.#....#(#
########.##...#.#
#.........#...#.#
#.........#...#(#
#.........#...#.#
########'##...#.#
#.##...#.#


You could see the neutral Edmund (fast, strong, insane).

Vanquished Creatures
  A phantom (D:4)
  A sky beast (D:5)
  A gnoll sergeant (D:5)
  A scorpion (D:5)
  A howler monkey (D:4)
  A centaur skeleton (D:5)
  A hound (D:4)
  2 orc priests (D:4)
  Crazy Yiuf (D:3)
  6 orc wizards
  A worker ant (D:4)
  3 gnolls (D:5)
  5 adders
  A shadow imp (D:5)
  2 oozes
  An adder zombie (D:5)
  2 worms
  3 dart slugs
  5 leopard geckos
  10 orcs
  4 giant cockroaches
  5 hobgoblins
  5 jackals
  A quokka (D:5)
  7 bats
  6 frilled lizards
  11 goblins
  6 kobolds
  6 rats
100 creatures vanquished.

Vanquished Creatures (others)
  2 orc wizards (D:5)
2 creatures vanquished.

Grand Total: 102 creatures vanquished

Notes
Turn   | Place    | Note
-------+----------+-------------------------------------------
     0 | D:1      | Cinatic the Halfling Hunter began the quest for the Orb.
     0 | D:1      | Reached XP level 1. HP: 14/14 MP: 1/1
    13 | D:1      | Reached skill level 6 in Slings
    47 | D:1      | Reached XP level 2. HP: 18/19 MP: 2/2
   314 | D:1      | Reached XP level 3. HP: 24/24 MP: 3/3
   360 | D:1      | Reached skill level 7 in Slings
  1175 | D:2      | Found a hide-covered altar of Uskayaw.
  1184 | D:2      | Found a burning altar of Makhleb.
  1189 | D:2      | Reached XP level 4. HP: 29/29 MP: 4/4
  1200 | D:2      | Found a shadowy altar of Dithmenos.
  1200 | D:2      | Found a blossoming altar of Fedhas.
  1279 | D:2      | Became a worshipper of Fedhas Madash
  1301 | D:2      | Found a stormy altar of Qazlal.
  1496 | D:2      | You fall into a shaft and drop 2 floors!
  1550 | D:4      | Reached skill level 8 in Slings
  1670 | D:4      | Reached XP level 5. HP: 29/34 MP: 5/5
  2298 | D:3      | Reached skill level 1 in Armour
  2365 | D:3      | Reached XP level 6. HP: 41/41 MP: 6/6
  2391 | D:3      | Found a sparkling altar of Nemelex Xobeh.
  2397 | D:3      | Reached * piety under Fedhas
  2605 | D:3      | Found a runed translucent door.
  2606 | D:3      | Noticed Crazy Yiuf
  2942 | D:3      | Reached skill level 9 in Slings
  3272 | D:3      | Killed Crazy Yiuf
  3441 | D:4      | Noticed a phantom
  3471 | D:4      | Killed a phantom
  3471 | D:4      | Reached XP level 7. HP: 34/46 MP: 7/7
  3548 | D:4      | Found Koovej's Antique Weapon Shoppe.
  3650 | D:4      | Found an ornate altar of the Wu Jian Council.
  4084 | D:5      | Entered Level 5 of the Dungeon
  4251 | D:5      | Reached ** piety under Fedhas
  4426 | D:5      | Found Osuli Xofus's Gadget Shoppe.
  4617 | D:5      | Reached XP level 8. HP: 54/54 MP: 8/8
  4637 | D:5      | Reached skill level 10 in Slings
  4850 | D:5      | Noticed Edmund
  4880 | D:5      | Slain by Edmund

Illustrated notes

Levels and vault maps discovered:
D:1:      dpeg_arrival_simpleton_a, layout_basic, minmay_pentomino_t2
D:2:      layout_basic, marbit_many_paths, grunt_temple_overflow_open,
          nicolae_qazlal_eye_of_the_storm
D:3:      layout_basic, lemuel_crystal_altar, uniq_crazy_yiuf_cottage
D:4:      layout_rooms, lemuel_doored_altar, first_ration, serial_shops,
          nicolae_shop_crystal
D:5:      layout_basic, minmay_temple_entry_poolview, basic_altar, serial_shops,
          shop, shop, shop, uniq_sigmund, uniq_edmund, uniq_pikel

Skill      XL: |  1  2  3  4  5  6  7  8 |
---------------+-------------------------+-----
Slings         | 6 7 8 9 10 | 10.1
Fighting       | 2 3 4 |  4.0
Armour         | 1 2 |  2.7
Dodging        | 3 4 |  4.0
Stealth        | 2 3 |  3.4
Short Blades   | |  0.7

Action                   |  1- 3 |  4- 6 |  7- 9 || total
-------------------------+-------+-------+-------++-------
Melee: Short sword       |    21 |     6 |       ||    27
       Hunting sling     |       |       |     2 ||     2
 Fire: Hunting sling     |    86 |   222 |   136 ||   444
Throw: Stone             |       |       |     3 ||     3
       Dart              |       |       |     1 ||     1
       Throwing net      |       |       |     1 ||     1
Evoke: Wand              |       |       |     4 ||     4
  Use: Scroll            |       |    10 |     1 ||    11
  Eat: Chunk             |     1 |     5 |     2 ||     8
       Ration            |       |     1 |       ||     1
Armor: Leather armour    |    11 |    10 |       ||    21
       Scale mail        |       |    25 |    17 ||    42
Dodge: Dodged            |    18 |    64 |    21 ||   103
